 Dungeon Crawl Stone Soup version 0.24-a0-736-g4e6fe308c7 (webtiles) character file.

Game seed: 17984880220955771506, levelgen mode: deterministic

7592 Kohma the Destroyer (level 10, -5/90 HPs)
             Began as a Grey Draconian Conjurer on Oct 2, 2019.
             Was a Priest of Dithmenos.
             Splashed by an acid dragon's acid (16 damage)
             ... on level 9 of the Dungeon.
             The game lasted 00:56:47 (14977 turns).

Kohma the Destroyer (Grey Draconian Conjurer)      Turns: 14977, Time: 00:56:51

Health: -5/90      AC: 12    Str: 11    XL:     10   Next: 97%
Magic:  10/21      EV: 12    Int: 18    God:    Dithmenos [***...]
Gold:   235        SH:  0    Dex: 12    Spells: 12/24 levels left

rFire    . . .     SeeInvis .   I - +7 hand crossbow of Cocytus {venom, +Blink MR+}
rCold    . . .     Gourm    .   (no shield)
rNeg     + . .     Faith    .   (armour unavailable)
rPois    .         Spirit   .   (helmet restricted)
rElec    .         Reflect  .   N - scarf {cloud immunity}
rCorr    .         Harm     .   (no gloves)
MR       +....                  (no boots)
Stlth    ++++......             (no amulet)
HPRegen  0.25/turn              q - ring of stealth
MPRegen  0.17/turn              z - ring of positive energy

@: wreathed by umbra
A: walk through water, unfitting armour, unbreathing, cold-blooded, AC +12
a: Shadow Step, Renounce Religion, Evoke Blink


You were on level 9 of the Dungeon.
You worshipped Dithmenos.
Dithmenos was most pleased with you.
You were not hungry.

You visited 2 branches of the dungeon, and saw 10 of its levels.
You also visited: Sewer.

You collected 475 gold pieces.
You spent 240 gold pieces at shops.

Inventory:

Hand Weapons
 b - a +0 hunting sling
 u - a +2 scimitar of flaming
 H - a +3 trident
 I - the +7 hand crossbow of Cocytus (weapon) {venom, +Blink MR+}
   (You found it on level 6 of the Dungeon)

   It poisons the ammo it fires.
   It affects your resistance to hostile enchantments.
   It lets you blink.
Missiles
 d - 297 stones
 i - 102 sling bullets
 E - 14 poisoned darts
 F - 42 bolts (quivered)
 J - 4 throwing nets
Armour
 A - a +0 cloak
 L - a cursed +1 shield
 N - a scarf of cloud immunity (worn)
Magical Staves
 x - an uncursed staff of earth {unknown}
Jewellery
 q - a ring of stealth (left hand)
 z - a ring of positive energy (right hand)
Wands
 v - a wand of paralysis (9)
Scrolls
 a - a scroll of identify
 e - a scroll of amnesia
 g - 5 scrolls of remove curse
 m - 2 scrolls of teleportation
 n - a scroll of silence {unknown}
 p - a scroll of fog
 r - 2 scrolls of enchant weapon
 D - a scroll of magic mapping
 G - a scroll of fear
 M - a scroll of enchant armour
Potions
 h - a potion of lignification {unknown}
 j - 7 potions of flight
 k - 4 potions of curing
 l - 2 potions of brilliance {unknown}
 o - 2 potions of agility
 s - 2 potions of heal wounds
 t - 2 potions of might
 w - a potion of invisibility {unknown}
 B - 3 potions of haste
 C - 2 potions of berserk rage
Comestibles
 c - 6 chunks of flesh
 f - 14 rations


   Skills:
 + Level 8.6 Fighting
 - Level 1.7 Dodging
 - Level 1.7 Stealth
 * Level 5.7 Shields
 + Level 7.5 Spellcasting
 - Level 10.0 Conjurations
 - Level 5.0 Translocations
 - Level 4.0 Poison Magic


You had 12 spell levels left.
You knew the following spells:

 Your Spells              Type           Power        Failure   Level  Hunger
a - Magic Dart            Conj           ####         1%          1    None
b - Searing Ray           Conj           #####.       1%          2    None
c - Iskenderun's Mystic   Conj           #####...     1%          4    ###....
d - Mephitic Cloud        Conj/Pois/Air  ###.....     4%          3    #......
e - Blink                 Tloc           N/A          1%          2    None

Your spell library contained the following spells:

 Spells                   Type           Power        Failure   Level  Hunger
 Conjure Flame            Conj/Fire      ###.....     4%          3    #......
 Dazzling Spray           Conj/Hex       ###...       4%          3    #......
 Force Lance              Conj/Tloc      ####....     4%          4    ###....
 Fulminant Prism          Conj/Hex       ###.......   13%         4    ###....
 Call Imp                 Summ           #.......     16%         2    None
 Slow                     Hex            #.......     16%         2    None


Dungeon Overview and Level Annotations

Branches:
Dungeon (9/15)             Temple (1/1) D:5           Sewer (visited)
   Lair: D:8-11         Orc: D:9-12

Altars:
Ashenzari
Cheibriados
Dithmenos
Elyvilon
Fedhas
Gozag
Hepliaklqana
Kikubaaqudgha
Makhleb
Nemelex Xobeh
Okawaru
Qazlal
Ru
Sif Muna
Trog
Uskayaw
Vehumet
Wu Jian
Xom
Yredelemnul
Zin
The Shining One

Shops:
D:4 :


Innate Abilities, Weirdness & Mutations

You can walk through water.
Your dull iron-grey scales are very hard. (AC +12)
You cannot fit into any form of body armour.
You can survive without breathing.
You are cold-blooded and may be slowed by cold attacks.


Message History

The vampire mosquito bites you but does no damage.
The searing ray hits the vampire mosquito!
You destroy the vampire mosquito!
Dithmenos accepts your kill.
The searing ray hits the acid dragon!
The acid dragon is severely wounded.
You finish channeling your searing ray.
Casting: Searing Ray (safe; 1% risk of failure)
Confirm with . or Enter, or press ? or * to list all spells.
Aiming: Searing Ray (safe; 1% risk of failure)
Press: ? - help, Shift-Dir - straight line, f - acid dragon
Aim: an acid dragon (severely wounded, umbra)
The searing ray misses the acid dragon. (Press . to maintain the ray.)
You are no longer corroded.
The acid dragon spits acid at you. The splash of acid hits you!
* * * LOW HITPOINT WARNING * * *
You are splashed with acid!
You die...

#.##.[.......#..
..#.#.........#.......
..'.........'......
#.........#..... #.........#....
#.........#... . #.........#..##
.. # #####D#####...#.... ## #.
###.##.@....#.......# #.##.##.
#.#...#####.##....#### #..#..#
#.#..##..##........##.
.###..##.###.##.#....#.#.........
.'....⌠..÷.'..##.##..'.#...#.....
.###.##..###....#.##.#.#...#.....
#..#..# ##..##..#.#..##......÷
#.##.######...#.#........... .
#.# ###......##.#...........


You could see an acid dragon.

Vanquished Creatures
  Erica (D:8)
  Pikel (D:5)
  Joseph (D:7)
  Grinder (D:5)
  Prince Ribbit (D:6)
  Eustachio (D:6)
  A wyvern (D:8)
  2 vampire mosquitoes (D:9)
  Edmund (D:6)
  2 water moccasins
  2 ice beasts
  A sky beast (D:8)
  6 orc warriors
  2 phantoms
  A necrophage (D:5)
  4 centaurs
  7 ogres
  A wolf (D:6)
  A crocodile (D:9)
  A big kobold (Sewer)
  4 bullfrogs
  4 gnoll sergeants (D:6)
  A wyvern skeleton (D:8)
  7 scorpions
  6 howler monkeys
  3 wights
  2 crimson imps
  A jelly (D:5)
  10 hounds
  Crazy Yiuf (D:4)
  A gnoll shaman (D:6)
  9 orc priests
  5 orc wizards
  A centaur skeleton (D:7)
  4 worker ants
  A worker ant zombie (D:6)
  24 gnolls
  8 adders
  An ooze (D:1)
  An adder skeleton (D:4)
  2 worms
  2 leopard geckos
  40 orcs
  3 bats
  7 giant cockroaches
  3 goblins
  7 hobgoblins
  15 jackals
  17 kobolds
  A quokka (D:4)
  4 ball pythons
  4 frilled lizards
  2 leopard gecko skeletons
  A quokka skeleton (D:8)
  7 rats
247 creatures vanquished.

Vanquished Creatures (others)
  A slave (D:5)
  A jelly (D:5)
  An orc priest (D:5)
  2 orc wizards
  A hound skeleton (D:5)
  A howler monkey zombie (D:5)
  A howler monkey skeleton (D:5)
  An orc (D:5)
  A quokka (D:5)
10 creatures vanquished.

Grand Total: 257 creatures vanquished

Notes
Turn   | Place    | Note
-------+----------+-------------------------------------------
     0 | D:1      | Kohma the Draconian Conjurer began the quest for the Orb.
     0 | D:1      | Reached XP level 1. HP: 14/14 MP: 3/3
   119 | D:1      | Reached XP level 2. HP: 6/22 MP: 0/5
   465 | D:1      | Learned a level 2 spell: Searing Ray
   519 | D:1      | Reached skill level 1 in Fighting
  1133 | D:1      | Reached XP level 3. HP: 15/28 MP: 1/6
  1647 | D:2      | Reached XP level 4. HP: 27/36 MP: 0/7
  1725 | D:1      | Learned a level 4 spell: Iskenderun's Mystic Blast
  2086 | D:2      | Reached skill level 5 in Conjurations
  2666 | D:3      | Found a glowing drain.
  2698 | Sewer    | Entered a sewer
  3036 | Sewer    | Noticed a big kobold
  3044 | Sewer    | Killed a big kobold
  3044 | Sewer    | Reached XP level 5. HP: 25/42 MP: 0/9
  4288 | D:4      | Reached XP level 6. HP: 51/51 MP: 8/10
  4322 | D:4      | Reached skill level 6 in Conjurations
  4443 | D:4      | Found a runed translucent door.
  4444 | D:4      | Noticed Crazy Yiuf
  4450 | D:4      | Paralysed by Crazy Yiuf for 2 turns
  4451 | D:4      | HP: 2/51 [Crazy Yiuf/+4 quarterstaff of chaos (13)]
  4452 | D:4      | Killed Crazy Yiuf
  5113 | D:4      | Found Hedoph's Book Emporium.
  5354 | D:4      | Your scales start taking on a dull iron-grey colour.
  5354 | D:4      | Reached XP level 7. HP: 58/58 MP: 7/12
  5354 | D:4      | Gained mutation: You can survive without breathing. [Grey
                  | Draconian growth]
  5446 | D:4      | Bought a book of Minor Magic for 240 gold pieces
  5450 | D:4      | Learned a level 3 spell: Mephitic Cloud
  5453 | D:4      | Learned a level 2 spell: Blink
  5950 | D:5      | Entered Level 5 of the Dungeon
  5956 | D:5      | Noticed Pikel
  5969 | D:5      | Found a staircase to the Ecumenical Temple.
  5994 | D:5      | Killed Pikel
  5994 | D:5      | Reached skill level 7 in Conjurations
  5994 | D:5      | Reached XP level 8. HP: 19/67 MP: 1/14
  6021 | Temple   | Entered the Ecumenical Temple
  6297 | Temple   | Became a worshipper of Dithmenos the Shadowed
  6633 | D:5      | Found an iron altar of Okawaru.
  6634 | D:5      | Found a radiant altar of Vehumet.
  6636 | D:5      | Found a glowing silver altar of Zin.
  6636 | D:5      | Found a shimmering altar of Xom.
  6644 | D:5      | Reached skill level 1 in Translocations
  6993 | D:5      | Reached skill level 5 in Fighting
  7275 | D:5      | Reached skill level 8 in Conjurations
  7580 | D:6      | Noticed Prince Ribbit
  7754 | D:6      | Noticed Grinder
  7850 | D:5      | Paralysed by Grinder for 3 turns
  7858 | D:5      | Killed Grinder
  7858 | D:5      | Reached skill level 5 in Spellcasting
  7973 | D:5      | Reached XP level 9. HP: 50/74 MP: 11/16
  8393 | D:6      | Noticed Edmund
  8405 | D:6      | Killed Edmund
  8406 | D:6      | Noticed Eustachio
  8505 | D:6      | Killed Prince Ribbit
  8505 | D:6      | Reached skill level 9 in Conjurations
  8658 | D:6      | Killed Eustachio
  9074 | D:6      | Got a smoking hand crossbow
  9075 | D:6      | Identified the +7 hand crossbow of Cocytus {venom, +Blink
                  | MR+} (You found it on level 6 of the Dungeon)
  9769 | D:6      | Reached * piety under Dithmenos
 10422 | D:6      | Found a sparkling altar of Nemelex Xobeh.
 10725 | D:6      | Reached skill level 10 in Conjurations
 10733 | D:6      | Reached ** piety under Dithmenos
 10964 | D:7      | Noticed Joseph
 10997 | D:7      | Killed Joseph
 10997 | D:7      | Reached XP level 10. HP: 50/86 MP: 5/19
 11326 | D:7      | Reached skill level 1 in Shields
 11439 | D:7      | Found a shattered altar of Ashenzari.
 11439 | D:7      | Found a glowing golden altar of the Shining One.
 11500 | D:7      | Reached skill level 5 in Translocations
 12055 | D:7      | Found a burning altar of Makhleb.
 12390 | D:8      | Found a snail-covered altar of Cheibriados.
 12905 | D:8      | Noticed Erica
 12919 | D:8      | Killed Erica
 14132 | D:8      | Reached *** piety under Dithmenos
 14186 | D:9      | Reached skill level 5 in Shields
 14541 | D:9      | Got a faintly humming cloak
 14552 | D:9      | Identified the +1 cloak of the Salmon {Str+5 Int-5} (You
                  | found it on level 9 of the Dungeon)
 14977 | D:9      | Splashed by an acid dragon's acid

Levels and vault maps discovered:
D:1:      lightli_arrival_flooded_house, layout_loops_ring
D:2:      layout_basic
D:3:      layout_basic, gup_sewer_entry_glass
D:4:      layout_loops_corners, serial_shops, kennysheep_little_box,
          first_ration, uniq_crazy_yiuf_cottage
D:5:      layout_basic, chequers_temple_overflow_statue_of_worship,
          minmay_temple_entry_nine_rooms, serial_co_window_serial,
          co_window_paths_a, co_window_of_opportunity_a, co_window_paths_a,
          co_window_of_opportunity_a, co_window_of_opportunity_a,
          co_window_paths_b, co_window_corner_a, co_window_of_opportunity_a,
          co_window_paths_a, co_window_cross_4, co_window_of_opportunity_b,
          co_window_unsneaky_path_c, glass_columns_a, glass_columns_a,
          glass_columns_b, glass_columns_b, glass_columns_a, uniq_pikel
D:6:      layout_cave_pools, kennysheep_mini, serial_gnoll_camp,
          gnoll_camp_huts_moat, gnoll_camp_mini_hut, gnoll_camp_mini_basic,
          gnoll_camp_mini_basic, uniq_prince_ribbit1, uniq_eustachio,
          uniq_edmund, uniq_grinder
D:7:      layout_basic, overflow_temple_1_default,
          gammafunk_temple_overflow_statue, uniq_joseph
D:8:      layout_cave_pods, basic_altar, grunt_ogre_cave, uniq_erica
D:9:      layout_cave_pools, minmay_the_grid_2x2 [minmay_the_grid_fan,
          minmay_the_grid_empty, minmay_the_grid_diamond_grid,
          minmay_the_grid_prize_trominoes]
Temple:   nicolae_temple_great_sept

Skill      XL: |  1  2  3  4  5  6  7  8  9 10 |
---------------+-------------------------------+-----
Fighting       | 1 2 3 4 5 7 8 |  8.6
Conjurations   | 5 6 7 8 10 | 10.0
Spellcasting   | 3 4 5 6 7 |  7.5
Poison Magic   | 2 4 |  4.0
Translocations | 2 4 5 |  5.0
Shields        | 5 |  5.7
Dodging        | |  1.7
Stealth        | |  1.7

Action                   |  1- 3 |  4- 6 |  7- 9 | 10-12 || total
-------------------------+-------+-------+-------+-------++-------
Melee: Spear             |    21 |       |       |       ||    21
       Tailslap          |     2 |       |       |       ||     2
 Fire: Hunting sling     |     9 |    46 |     8 |       ||    63
       Hand crossbow     |       |       |    31 |    27 ||    58
 Cast: Magic Dart        |    51 |   147 |   263 |   160 ||   621
       Searing Ray       |     2 |     6 |    28 |    26 ||    62
       Iskenderun's Myst |       |       |    17 |     5 ||    22
       Mephitic Cloud    |       |       |     8 |    13 ||    21
       Blink             |       |       |     1 |     1 ||     2
  Use: Scroll            |     2 |     4 |     1 |    10 ||    17
       Potion            |       |       |     3 |       ||     3
  Eat: Chunk             |     2 |    12 |    11 |    10 ||    35
       Ration            |       |       |     3 |     1 ||     4
Armor: Skin              |    13 |    31 |    93 |    51 ||   188
Dodge: Dodged            |    32 |    58 |   165 |   107 ||   362

Table legend:
 A = Non-vault XP
 B = Vault XP
 C = Vault XP percentage of total XP
 D = Non-vault monster count
 E = Vault monster count
 F = Vault count percentage of total count
                 A         B        C        D         E       F
            +---------+---------+-------+---------+---------+-------
      Total |    6079 |    4768 |  44.0 |     174 |      75 |  30.1
            +---------+---------+-------+---------+---------+-------
        D:1 |      54 |       0 |   0.0 |      20 |       0 |   0.0
        D:2 |      71 |       0 |   0.0 |      18 |       0 |   0.0
        D:3 |     105 |      17 |  13.9 |      20 |       3 |  13.0
        D:4 |     378 |      41 |   9.8 |      15 |       1 |   6.2
        D:5 |    1108 |     923 |  45.4 |      17 |       2 |  10.5
        D:6 |     955 |    1661 |  63.5 |      23 |      38 |  62.3
        D:7 |    1032 |     445 |  30.1 |      15 |       1 |   6.2
        D:8 |    1630 |    1066 |  39.5 |      29 |       2 |   6.5
        D:9 |     746 |     484 |  39.3 |      17 |       4 |  19.0
      Sewer |       0 |     131 | 100.0 |       0 |      24 | 100.0
            +---------+---------+-------+---------+---------+-------
